 Dungeon Crawl Stone Soup version 0.30-a0-776-g08fbeb92c1 (webtiles) character file.

Game seed: 6220555800033048623

130272 Rrauwl the Devastator (level 17, -6/92 HPs)
             Began as a Gargoyle Conjurer on Feb 10, 2023.
             Was a High Priest of Ashenzari.
             Mangled by a kraken (27 damage)
             ... on level 2 of the Shoals on Feb 13, 2023.
             The game lasted 02:32:26 (39543 turns).

Rrauwl the Devastator (Gargoyle Conjurer)          Turns: 39543, Time: 02:32:27

Health: -6/92      AC: 30    Str: 17    XL:     17   Next: 7%
Magic:  1/40       EV: 11    Int: 22    God:    Ashenzari [*****.]
Gold:   2043       SH: 19    Dex:  9    Spells: 9/36 levels left

rFire   + + .      SeeInvis +    b - +4 mace of the Prescient Planets {flame, Melee, Bglg} (curse)
rCold   . . .      Faith    .    s - +4 kite shield of Supernal Gnosis {reflect, Alch, Melee} (curse)
rNeg    + + .      Spirit   .    E - +0 acid dragon scales of Ashenzari's Affliction {rCorr, Alch, Fort} (curse)
rPois   ∞          Reflect  +    F - +0 helmet of Ashenzari's Absolutism {Bglg, Cun} (curse)
rElec   +          Harm     .    e - +1 cloak of the Omniscient Sky {Comp, Fort} (curse)
rCorr   +          Rampage  .    t - +0 pair of gloves "Esoteric Visionary" {Evo, Range} (curse)
Will    ++...      Clarity  +    B - +0 pair of boots
Stlth   +++                      h - amulet "Share My Limitation" {Reflect SH+5, Melee, Evo} (curse)
HPRegen 0.35/turn                c - ring of the Shackled Vexation {MP+9, Melee, Fort} (curse)
MPRegen 0.27/turn                o - ring "Per Aspera Ad Scientiam" {rF++ rN+, Cun, Elem} (curse)

@: about to teleport, flying, very slightly contaminated
A: sickness immunity, AC +12, big wings, negative energy resistance 1,
electricity resistance, torment resistance 1, petrification resistance,
strong-willed 1, shaggy fur 1, strong 1
a: Renounce Religion, Shatter the Chains


You were on level 2 of the Shoals.
You worshipped Ashenzari.
Ashenzari was extremely pleased with you.
You visited 5 branches of the dungeon, and saw 25 of its levels.
You also visited: Bailey.

You collected 3397 gold pieces.
You spent 1354 gold pieces at shops.

Inventory:

Hand Weapons
 b - the cursed +4 mace of the Prescient Planets (weapon) {flame, Melee, Bglg}
   (You took it off a wight on level 7 of the Dungeon)

   It has a curse which improves the following skills: Melee Combat: Short
   Blades, Long Blades, Axes, Maces & Flails, Polearms, Staves and Unarmed
   Combat.
   Beguiling: Conjurations, Hexes and Translocations.
 r - a +1 heavy morningstar
Missiles
 L - 11 silver javelins
Armour
 e - the cursed +1 cloak of the Omniscient Sky (worn) {Comp, Fort}
   (You found it on level 1 of the Dungeon)

   It has a curse which improves the following skills: Companions: Summonings
   and Necromancy.
   Fortitude: Armour and Shields.
 s - the cursed +4 kite shield of Supernal Gnosis (worn) {reflect, Alch, Melee}
   (You took it off Donald on level 1 of the Shoals)

   It has a curse which improves the following skills: Alchemy: Poison Magic and
   Transmutations.
   Melee Combat: Short Blades, Long Blades, Axes, Maces & Flails, Polearms,
   Staves and Unarmed Combat.
 t - the cursed +0 pair of gloves "Esoteric Visionary" (worn) {Evo, Range}
   (You found it on level 2 of the Lair of Beasts)

   It has a curse which improves the following skills: Evocations: Evocations.
   Ranged Combat: Ranged Weapons and Throwing.
 B - a +0 pair of boots (worn)
 E - the cursed +0 acid dragon scales of Ashenzari's Affliction (worn) {rCorr, Alch, Fort}
   (You found it on level 9 of the Dungeon)

   rCorr:     It protects you from acid and corrosion.
   It has a curse which improves the following skills: Alchemy: Poison Magic and
   Transmutations.
   Fortitude: Armour and Shields.
 F - the cursed +0 helmet of Ashenzari's Absolutism (worn) {Bglg, Cun}
   (You found it on level 14 of the Dungeon)

   It has a curse which improves the following skills: Beguiling: Conjurations,
   Hexes and Translocations.
   Cunning:   Dodging and Stealth.
Magical Staves
 p - a staff of earth
Jewellery
 c - the cursed ring of the Shackled Vexation (left hand) {MP+9, Melee, Fort}
   (You found it on level 1 of the Dungeon)

   [ring of magical power]

   MP:        It affects your magic capacity (+9).
   It has a curse which improves the following skills: Melee Combat: Short
   Blades, Long Blades, Axes, Maces & Flails, Polearms, Staves and Unarmed
   Combat.
   Fortitude: Armour and Shields.
 h - the cursed amulet "Share My Limitation" (around neck) {Reflect SH+5, Melee, Evo}
   (You found it on level 2 of the Dungeon)

   [amulet of reflection]

   It reflects blocked missile attacks.
   SH:        It affects your SH (+5).
   It has a curse which improves the following skills: Melee Combat: Short
   Blades, Long Blades, Axes, Maces & Flails, Polearms, Staves and Unarmed
   Combat.
   Evocations: Evocations.
 o - the cursed ring "Per Aspera Ad Scientiam" (right hand) {rF++ rN+, Cun, Elem}
   (You bought it in a shop on level 14 of the Dungeon)

   [ring of positive energy]

   rF:        It greatly protects you from fire.
   rN:        It protects you from negative energy.
   It has a curse which improves the following skills: Cunning: Dodging and
   Stealth.
   Elements:  Fire Magic, Ice Magic, Air Magic and Earth Magic.
 y - a ring of protection from cold
 O - a ring of willpower
Wands
 a - a wand of digging (14)
 n - a wand of flame (17)
 q - a wand of paralysis (1)
 S - a wand of polymorph (6)
Scrolls
 d - a scroll of amnesia
 j - 6 scrolls of enchant weapon
 k - 5 scrolls of poison
 u - 4 scrolls of teleportation
 v - 8 scrolls of fog
 w - 3 scrolls of butterflies
 z - 2 scrolls of magic mapping
 C - 2 scrolls of torment
 D - 2 scrolls of vulnerability
 N - 2 scrolls of brand weapon
Potions
 f - 8 potions of mutation
 i - 4 potions of attraction
 l - a potion of resistance
 m - 7 potions of curing
 x - 3 potions of magic
 A - a potion of brilliance
 G - a potion of lignification
 H - 2 potions of haste
 J - a potion of ambrosia
Miscellaneous
 g - a lightning rod (4/4)


   Skills:
 - Level 5.0 Fighting
 - Level 14.8(20.2) Maces & Flails
 - Level 8.1(12.6) Armour
 - Level 3.5(6.5) Dodging
 - Level 5.4(8.8) Stealth
 + Level 5.9(10.3) Shields
 - Level 10.0 Spellcasting
 - Level 18.6(21.8) Conjurations
 - Level 7.5(11.0) Hexes
 - Level 0.4(1.3) Summonings
 - Level 0.3(1.1) Necromancy
 - Level 8.5(12.0) Translocations
 - Level 1.0(2.9) Transmutations
 - Level 0.6(1.7) Fire Magic
 - Level 0.3(1.1) Ice Magic
 - Level 0.4(1.3) Air Magic
 + Level 6.0(8.4) Earth Magic
 - Level 0.5(1.9) Poison Magic
 - Level 2.1(4.7) Evocations


You had 9 spell levels left.
You knew the following spells:

 Your Spells              Type           Power      Damage    Failure   Level
a - Magic Dart            Conj           100%       1d8       0%          1
b - Iskenderun's Mystic   Conj/Tloc      71%        2d14      1%          4
c - Blink                 Tloc           100%       N/A       1%          2
d - Passage of Golubria   Tloc           59%        N/A       1%          4
e - Passwall              Tmut/Erth      29%        N/A       2%          2
f - Stone Arrow           Conj/Erth      100%       3d13      1%          3
g - Orb of Destruction    Conj           41%        9d11      1%          7
h - Apportation           Tloc           100%       N/A       1%          1
i - Inner Flame           Hex/Fire       39%        N/A       3%          3

Your spell library contained the following spells:

 Spells                   Type           Power      Damage    Failure   Level
 Searing Ray              Conj           100%       2d8       0%          2
 Kiss of Death            Conj/Necr      100%       2d13      1%          1
 Sandblast                Erth           94%        2d19      1%          1
 Lesser Beckoning         Tloc           100%       N/A       1%          2
 Momentum Strike          Conj/Tloc      100%       3d10      1%          2
 Confusing Touch          Hex            56%        N/A       1%          3
 Dazzling Flash           Conj/Hex       100%       N/A       1%          3
 Tukima's Dance           Hex            56%        N/A       1%          3
 Flame Wave               Conj/Fire      58%        2d14      1%          4
 Fulminant Prism          Conj/Hex       35%        3d17      1%          4
 Sticky Flame             Conj/Fire      58%        2d7       1%          4
 Iskenderun's Battlesphe  Conj           82%        2d13      1%          5
 Fireball                 Conj/Fire      29%        3d13      3%          5
 Sting                    Tmut/Pois      84%        1d7       6%          1
 Kindle Blastsparks       Fire/Tloc/Air  66%        2d15      6%          3
 Wereblood                Tmut           23%        N/A       8%          2
 Summon Small Mammal      Summ           64%        N/A       10%         1
 Necrotise                Necr           60%        1d7       11%         1
 Lee's Rapid Deconstruct  Erth           23%        3d13*     16%         5
 Freezing Cloud           Conj/Ice/Air   23%        6-21      17%         5
 Ignite Poison            Fire/Tmut/Pois 20%        N/A       21%         3
 Starburst                Conj/Fire      29%        6d9       21%         6
 Animate Armour           Summ/Erth      64%        N/A       22%         4
 Conjure Ball Lightning   Conj/Air       29%        3x3d8     22%         6
 Yara's Violent Unravell  Hex/Tmut       20%        3d9       26%         5
 Summon Forest            Summ/Tloc      20%        N/A       30%         5
 Summon Mana Viper        Hex/Summ       38%        N/A       36%         5
 Summon Lightning Spire   Summ/Air       16%        N/A       69%         4
 Dispel Undead            Necr           15%        3d10      71%         4
 Summon Ice Beast         Ice/Summ       16%        N/A       71%         4
 Alistair's Intoxication  Tmut/Pois      14%        N/A       86%         5
 Summon Cactus Giant      Summ           8%         N/A       100%        6
 Monstrous Menagerie      Summ           8%         N/A       100%        7
 Storm Form               Tmut/Air       10%        N/A       100%        7
 Maxwell's Capacitive Co  Air            8%         ∞         100%        8
 Necromutation            Tmut/Necr      9%         N/A       100%        8


Dungeon Overview and Level Annotations

Branches:
Dungeon (15/15)            Temple (1/1) D:5            Lair (5/5) D:11
 Shoals (2/4) Lair:2        Snake (0/4) Lair:3        Slime (0/5) Lair:4
    Orc (2/2) D:9             Elf (0/3) Orc:2        Vaults (0/5) D:14
 Depths (0/4) D:15         Bailey (visited)

Altars:
Ashenzari
Cheibriados
Dithmenos
Elyvilon
Fedhas
Gozag
Hepliaklqana
Kikubaaqudgha
Makhleb
Nemelex Xobeh
Okawaru
Qazlal
Ru
Sif Muna
Trog
Uskayaw
Vehumet
Wu Jian
Xom
Yredelemnul
Zin
The Shining One
Jiyva

Shops:
D:9 (   D:11 !   D:14 =   Orc:2 (:*?

Portals:
Pandemonium: Orc:2

Annotations:
Lair:5 exclusion: obsidian statue


Innate Abilities, Weirdness & Mutations

You are immune to sickness and miasma.
Your stone body is resilient. (AC +12)
You are immune to poison.
Your large and strong wings let you fly.
You resist negative energy. (rN+)
You are resistant to electric shocks. (rElec)
You are resistant to unholy torment.
You are immune to petrification.
You are strong-willed. (Will+)
You are covered in fur. (AC +1)
Your muscles are strong. (Str +4, Int/Dex -1)


Message History

You block the tentacle's attack.
The tentacle slaps you but does no damage.
You block the tentacle's attack. The tentacle barely misses you.
A tentacle segment bursts forth from the water. x3
You block the kraken's attack. You block the tentacle's attack.
The tentacle misses you.
The tentacle slaps you but does no damage.
The tentacle misses you.
You are too injured to fight recklessly!
Casting: Orb of Destruction (dangerous; 1% risk of failure)
Confirm with . or Enter, or press ? or * to list all spells.
Aiming: Stone Arrow (safe; 1% risk of failure)
Press: ? - help, Shift-Dir - straight line, f/p - kraken
Aim: a kraken (water, moderately wounded, 100% to hit)
The stone arrow hits the kraken but does no damage.
The kraken is moderately wounded.
The kraken barely misses you. You block the tentacle's attack. x2
The tentacle barely misses you.
The tentacle slaps you but does no damage.
The kraken bites you but does no damage.
Casting: Stone Arrow (safe; 1% risk of failure)
Confirm with . or Enter, or press ? or * to list all spells.
Aiming: Stone Arrow (safe; 1% risk of failure)
Press: ? - help, Shift-Dir - straight line, f/p - kraken
Aim: a kraken (water, moderately wounded, 100% to hit)
The stone arrow hits the kraken but does no damage.
The kraken is moderately wounded.
You block the tentacle's attack. x2
The tentacle slaps you but does no damage.
The tentacle completely misses you.
A tentacle segment bursts forth from the water. x3
The tentacle slaps you but does no damage.
The tentacle slaps you! You block the tentacle's attack.
The tentacle closely misses you. The kraken barely misses you.
As you read the scroll of teleportation, it crumbles to dust.
You feel strangely unstable. You block the tentacle's attack.
The tentacle slaps you!
* * * LOW HITPOINT WARNING * * *
You block the tentacle's attack. x2; The kraken bites you!!
You die...

~ ~ ~~ ~~ ≈≈≈≈≈≈~~.~~...~~ ~
≈≈≈≈≈≈≈≈≈≈≈≈≈≈~~...###.~ ~ ~
≈≈≈≈≈≈≈≈≈≈≈≈≈≈~~~..# ###
#≈≈≈≈≈≈≈≈≈≈≈≈≈≈≈≈≈~~~..## #
#≈≈≈≈≈≈≈≈≈≈≈≈≈≈≈~~~~~...# ##
#≈≈≈≈≈≈≈≈≈≈≈≈≈≈≈~~.~~...###.
#≈≈≈≈≈≈≈≈≈≈≈≈≈≈≈~~~~~~...##<
#≈≈≈≈≈≈≈≈≈Xww≈≈~~~~≈~~~....#
#≈≈≈≈≈≈≈≈≈w@~~~~~.~≈≈≈≈.....
#≈≈≈≈≈≈≈≈≈w~~~~~~~~≈≈≈≈~...~
#≈≈≈≈≈≈≈≈≈~~~~(.~~~≈.~.....~
#≈≈≈≈≈≈≈≈≈≈~~......~........
#≈≈≈≈≈≈≈≈~~~~.#####....####.
#≈≈≈≈≈≈≈≈~~...## ##...# ##.
#≈≈≈≈≈≈≈≈~~~...## #...###..
#≈≈≈≈≈≈≈≈~~~~~..## ##..##...
#≈≈≈≈≈≈≈≈~~~~~~..## ##.###..


You could see a kraken and 4 tentacles.

Vanquished Creatures
  Jorgrun (Shoals:2)
  Frances (D:13)
  Donald (Shoals:1)
  The ghost of Deafoat the Quickloader, a journeyman GnHu of Hepliaklqana (D:15)
  An orc warlord (Orc:1)
  4 dire elephants (Lair:5)
  2 fire dragons (D:15)
  An entropy weaver (shapeshifter) (D:15)
  2 merfolk impalers
  5 vault guards (D:14)
  A rakshasa (D:13)
  6 hydras
  2 catoblepae
  4 boulder beetles
  An ogre mage (Orc:1)
  11 two-headed ogres
  3 centaur warriors
  2 demonspawn (Orc:2)
  An alligator snapping turtle (Shoals:1)
  An alligator (Lair:5)
  A tengu warrior (D:9)
  4 death yaks (Lair:5)
  6 orc high priests (Orc:2)
  Urug (D:12)
  A sun demon (Orc:2)
  Nergalle (Lair:3)
  A sixfirhy (Orc:2)
  A skeletal warrior (D:15)
  A spectral anaconda (Lair:5)
  3 sea snakes
  A fire crab (Lair:5)
  Lodul (D:10)
  2 skysharks
  A flayed ghost (D:15)
  A shadow dragon zombie (D:15)
  A wizard (D:14)
  7 orc knights
  2 harpies (Shoals:1)
  4 necromancers
  A lindwurm (Lair:5)
  2 deep elf pyromancers
  18 ugly things
  A sphinx zombie (D:15)
  11 cyclopes
  10 manticores
  7 orc sorcerers
  11 black mambas
  18 elephants
  A stone giant zombie (D:15)
  3 gargoyles
  A stone giant skeleton (D:15)
  7 merfolk sirens
  2 dire elephant zombies (Lair:5)
  13 cane toads
  Maggie (Lair:2)
  9 komodo dragons
  A rime drake (Lair:1)
  A kobold demonologist (D:9)
  A yaktaur (D:15)
  An efreet (D:13)
  An unseen horror (D:12)
  A freezing wraith (D:14)
  A guardian mummy (D:15)
  3 merfolk (Shoals:1)
  3 polar bears
  A tengu conjurer (D:14)
  A wind drake (Shoals:2)
  9 trolls
  A polar bear (shapeshifter) (D:14)
  A hellwing (Orc:2)
  2 hornets
  Prince Ribbit (D:8)
  9 blink frogs (Lair:4)
  7 dream sheep
  4 snapping turtles (Shoals:1)
  7 slime creatures
  2 vampires
  A water elemental (Shoals:1)
  4 wyverns
  7 basilisks
  A spriggan (Lair:5)
  45 yaks
  3 humans (D:14)
  A chaos spawn (Orc:2)
  4 vampire mosquitoes
  4 wargs (Orc:2)
  A steam dragon (Lair:2)
  A death yak simulacrum (Lair:5)
  A spectral cane toad (Lair:5)
  2 acid dragons
  Duvessa (D:6)
  27 water moccasins
  5 black bears
  41 orc warriors
  2 sky beasts
  16 ogres
  2 elephant zombies (Lair:5)
  3 boggarts (D:14)
  9 centaurs
  16 wolves
  3 phantoms (D:5)
  3 kobold brigands
  12 bullfrogs
  3 cane toad simulacra (Lair:5)
  2 necrophages
  5 scorpions
  5 wights
  Dowan (D:6)
  3 killer bees (D:9)
  9 howler monkeys
  An electric eel (Lair:4)
  5 hounds
  A jelly (D:5)
  2 gnoll boudas
  27 orc priests
  2 iguanas
  18 orc wizards
  12 gnolls
  6 adders
  An ufetubus (D:7)
  2 worms
  2 dart slugs (D:5)
  75 orcs
  6 ball pythons
  5 bats
  6 endoplasms
  4 giant cockroaches
  14 hobgoblins
  5 jackals
  30 kobolds
  4 quokkas
  4 frilled lizards
  13 goblins
  A quokka zombie (D:6)
  3 rats (D:3)
  A rat zombie (D:6)
758 creatures vanquished.

Vanquished Creatures (others)
  A death yak (Lair:5)
  A kobold zombie (D:9)
  6 bushes (Lair:5)
  41 fungi
  66 plants
  5 toadstools (D:2)
  42 withered plants
162 creatures vanquished.

Grand Total: 920 creatures vanquished

Notes
Turn   | Place    | Note
-------+----------+-------------------------------------------
     0 | D:1      | Rrauwl the Gargoyle Conjurer began the quest for the Orb.
     0 | D:1      | Reached XP level 1. HP: 10/10 MP: 3/3
   235 | D:1      | Reached XP level 2. HP: 14/15 MP: 0/5
   353 | D:1      | Found a faded altar of an unknown god.
   649 | D:1      | Reached XP level 3. HP: 19/19 MP: 6/6
  1005 | D:2      | Reached skill level 1 in Maces & Flails
  1086 | D:2      | Reached skill level 5 in Conjurations
  1204 | D:2      | Reached XP level 4. HP: 24/24 MP: 5/7
  1634 | D:3      | Got Sif Muna's Directory of Calefaction and Minerals
  1928 | D:3      | Reached XP level 5. HP: 15/28 MP: 1/8
  2488 | D:4      | Reached skill level 6 in Conjurations
  2488 | D:4      | Reached XP level 6. HP: 30/32 MP: 9/9
  2876 | D:4      | Learned a level 4 spell: Iskenderun's Mystic Blast
  2908 | D:5      | Entered Level 5 of the Dungeon
  2921 | D:5      | Reached skill level 1 in Translocations
  2922 | D:5      | Reached XP level 7. HP: 36/36 MP: 7/10
  2931 | D:5      | Reached skill level 7 in Conjurations
  2991 | D:5      | Found a broken altar of Ashenzari.
  2995 | D:5      | Found a stormy altar of Qazlal.
  3012 | D:5      | Gained mutation: You are strong-willed. (Will+) [potion of
                  | mutation]
  3012 | D:5      | Gained mutation: Your muscles are strong. (Str +4, Int/Dex
                  | -1) [potion of mutation]
  3012 | D:5      | Gained mutation: You are covered in fur. (AC +1) [potion of
                  | mutation]
  3023 | D:5      | Found a shimmering altar of Xom.
  3023 | D:5      | Found a sparkling altar of Nemelex Xobeh.
  3031 | D:5      | Became a worshipper of Ashenzari the Shackled
  3169 | D:5      | Reached skill level 5 in Maces & Flails
  3293 | D:5      | Found a blossoming altar of Fedhas.
  3298 | D:5      | Found an iron altar of Okawaru.
  3310 | D:5      | Found a staircase to the Ecumenical Temple.
  3318 | D:5      | Reached XP level 8. HP: 41/41 MP: 11/11
  3328 | Temple   | Entered the Ecumenical Temple
  3685 | D:6      | Found a glowing silver altar of Zin.
  3690 | D:6      | Found a burning altar of Makhleb.
  3700 | D:6      | Found a hide-covered altar of Uskayaw.
  3914 | D:6      | Noticed Dowan
  3956 | D:6      | Killed Dowan
  4350 | D:6      | Noticed Duvessa
  4366 | D:6      | Killed Duvessa
  4401 | D:6      | Found a basalt altar of Yredelemnul.
  4409 | D:6      | Found a radiant altar of Vehumet.
  4452 | D:6      | Learned a level 2 spell: Blink
  4457 | D:6      | Learned a level 4 spell: Passage of Golubria
  4603 | D:6      | Reached XP level 9. HP: 39/45 MP: 12/12
  4914 | D:7      | Got the Anthology of the Mercurial Panacea
  5014 | D:7      | Reached * piety under Ashenzari
  5042 | D:7      | Reached skill level 8 in Conjurations
  5754 | D:7      | Found a glowing golden altar of the Shining One.
  5843 | D:8      | Reached ** piety under Ashenzari
  5853 | D:8      | Reached skill level 5 in Translocations
  5865 | D:8      | Noticed Prince Ribbit
  5880 | D:8      | Killed Prince Ribbit
  6371 | D:8      | Reached skill level 10 in Maces & Flails
  6384 | D:8      | Reached XP level 10. HP: 29/50 MP: 2/13
  6469 | D:8      | Identified the cursed +0 robe "Cursed Servitude" {Alch,
                  | Comp}
  6668 | D:8      | Found a sacrificial altar of Ru.
  6826 | D:9      | Noticed a two-headed ogre
  7218 | D:9      | Found a staircase to the Orcish Mines.
  7366 | D:9      | Found Widghuili's Weapon Shop.
  7424 | D:9      | Killed a two-headed ogre
  7425 | D:9      | Reached skill level 9 in Conjurations
  7594 | D:9      | Reached skill level 10 in Conjurations
  7624 | D:9      | Noticed a kobold demonologist
  7713 | D:9      | Killed a kobold demonologist
  7719 | D:9      | Reached skill level 1 in Armour
  7719 | D:9      | Reached XP level 11. HP: 34/54 MP: 18/18
  7791 | D:9      | Noticed a cyclops
  7791 | D:9      | Noticed a tengu warrior
  7825 | D:9      | Killed a tengu warrior
  7841 | D:9      | Noticed a manticore
  7843 | D:9      | Noticed a cyan ugly thing
  7865 | D:9      | Reached skill level 1 in Fighting
  7873 | D:9      | Killed a cyclops
  7888 | D:9      | Killed a cyan ugly thing
  8066 | D:9      | Killed a manticore
  8394 | D:9      | Learned a level 2 spell: Passwall
  8405 | D:10     | Entered Level 10 of the Dungeon
  8405 | D:10     | Noticed Lodul
  8484 | D:10     | Found a white marble altar of Elyvilon.
  8562 | D:10     | Killed Lodul
  8563 | D:10     | Reached skill level 1 in Evocations
  8757 | D:10     | Reached skill level 1 in Earth Magic
  9030 | D:10     | Reached skill level 1 in Transmutations
  9122 | D:10     | Found a flagged portal.
  9131 | Bailey   | Entered a bailey
 10160 | D:10     | Reached XP level 12. HP: 36/64 MP: 21/21
 10275 | D:11     | Found Mutri's Distillery.
 10285 | D:11     | Bought a potion of curing for 42 gold pieces
 10285 | D:11     | Bought a potion of heal wounds for 70 gold pieces
 10285 | D:11     | Bought a potion of heal wounds for 70 gold pieces
 10285 | D:11     | Bought a potion of heal wounds for 70 gold pieces
 10285 | D:11     | Bought a potion of heal wounds for 70 gold pieces
 10285 | D:11     | Bought a potion of berserk rage for 70 gold pieces
 10335 | D:11     | Found a staircase to the Lair.
 10500 | D:11     | Reached skill level 11 in Conjurations
 10736 | D:11     | Noticed a two-headed ogre
 10747 | D:11     | Killed a two-headed ogre
 11092 | D:12     | Upgraded the game from 0.30-a0-758-gc2c871d025 to
                  | 0.30-a0-765-g3161bf10a1
 11140 | D:12     | Noticed a two-headed ogre
 11146 | D:12     | Killed a two-headed ogre
 11270 | D:12     | Reached skill level 12 in Conjurations
 11350 | D:12     | Noticed a two-headed ogre
 11356 | D:12     | Killed a two-headed ogre
 11357 | D:12     | Reached skill level 5 in Armour
 11734 | D:12     | Reached *** piety under Ashenzari
 11750 | D:12     | Identified the +0 ring mail of Xeakk {rN+ MP+9 Int-3
                  | Stlth+}
 11763 | D:12     | Noticed Urug
 11773 | D:12     | Killed Urug
 12308 | Lair:1   | Entered Level 1 of the Lair of Beasts
 12466 | Lair:1   | Learned a level 3 spell: Stone Arrow
 13023 | Lair:1   | Reached XP level 13. HP: 68/68 MP: 19/22
 13156 | Lair:1   | Reached skill level 13 in Conjurations
 13664 | Lair:1   | Reached **** piety under Ashenzari
 14222 | Lair:2   | Reached skill level 14 in Conjurations
 14382 | Lair:2   | Noticed Maggie
 14387 | Lair:2   | Killed Maggie
 15290 | Lair:2   | Reached skill level 15 in Conjurations
 15290 | Lair:2   | Reached skill level 5 in Spellcasting
 15450 | Lair:2   | Found a staircase to the Shoals.
 16197 | Lair:3   | Found a staircase to the Snake Pit.
 16601 | Lair:3   | Noticed Nergalle
 16614 | Lair:3   | Killed Nergalle
 16802 | Lair:3   | Reached skill level 5 in Stealth
 17005 | Lair:3   | Reached skill level 1 in Shields
 17372 | Lair:4   | Found a viscous altar of Jiyva.
 17372 | Lair:4   | Found a staircase to the Slime Pits.
 17377 | Lair:4   | Identified the +2 robe "Akhegh" {rElec Str+4 Int+5}
 17767 | Lair:4   | Learned a level 7 spell: Orb of Destruction
 18083 | Lair:4   | Gained mutation: Your large and strong wings let you fly.
                  | [Gargoyle growth]
 18083 | Lair:4   | Reached XP level 14. HP: 72/72 MP: 22/23
 18430 | Lair:4   | Identified the +1 scale mail of Greed {Will++ Dex+2}
 19022 | Lair:5   | Entered Level 5 of the Lair of Beasts
 19890 | Lair:5   | Reached skill level 16 in Conjurations
 21260 | Lair:5   | Noticed a dire elephant
 21260 | Lair:5   | Noticed a dire elephant
 21261 | Lair:5   | Noticed a dire elephant
 21261 | Lair:5   | Identified the +1 sling of Fundamental Breach {heavy, *Slow
                  | rPois Str+3}
 21337 | Lair:5   | Noticed a dire elephant
 21351 | Lair:5   | Killed a dire elephant
 22444 | Lair:5   | Reached skill level 17 in Conjurations
 22857 | Lair:5   | Reached XP level 15. HP: 62/76 MP: 9/24
 23100 | Lair:5   | HP: 3/76 [dire elephant (22)]
 24562 | D:13     | Noticed Frances
 24572 | D:13     | Killed Frances
 25107 | D:13     | Reached skill level 18 in Conjurations
 27091 | D:14     | Found a gate to the Vaults.
 27604 | D:14     | Found Rudaeg's Jewellery Boutique.
 27612 | D:14     | Bought the ring of the Scarab {rF++ rN+} for 623 gold
                  | pieces
 27933 | D:15     | Entered Level 15 of the Dungeon
 28135 | D:15     | Found a runed translucent door.
 28135 | D:15     | Noticed Deafoat's ghost (journeyman GnHu)
 28155 | D:15     | Found a staircase to the Depths.
 29442 | D:15     | Reached XP level 16. HP: 47/80 MP: 2/29
 29841 | D:15     | Reached skill level 10 in Spellcasting
 29940 | D:15     | Killed Deafoat's ghost
 29950 | D:15     | Learned a level 1 spell: Apportation
 30390 | Orc:1    | Entered Level 1 of the Orcish Mines
 30391 | Orc:1    | Upgraded the game from 0.30-a0-765-g3161bf10a1 to
                  | 0.30-a0-776-g08fbeb92c1
 30980 | Orc:2    | Entered Level 2 of the Orcish Mines
 31472 | Orc:1    | Reached skill level 5 in Fighting
 31727 | Orc:1    | Reached skill level 1 in Hexes
 32776 | Orc:2    | Found a staircase to the Elven Halls.
 33784 | Orc:2    | Reached ***** piety under Ashenzari
 33862 | Orc:2    | Found Lurugila's General Store.
 34366 | Orc:2    | Found Mualig's Magic Scroll Shop.
 34402 | Orc:2    | Bought a scroll of teleportation for 39 gold pieces
 34402 | Orc:2    | Bought a scroll of enchant weapon for 97 gold pieces
 34695 | Orc:2    | Reached skill level 5 in Hexes
 35600 | Orc:2    | Found Jufup's Antique Weapon Shoppe.
 35600 | Orc:2    | Found Togruble's Book Emporium.
 35601 | Orc:2    | Found a one-way gate leading to the halls of Pandemonium.
 35609 | Orc:2    | Learned a level 3 spell: Inner Flame
 35643 | Orc:2    | Bought a glowing morningstar for 203 gold pieces
 36200 | Shoals:1 | Entered Level 1 of the Shoals
 37210 | Shoals:1 | Noticed Donald
 37221 | Shoals:1 | Killed Donald
 38531 | Shoals:2 | Reached skill level 5 in Shields
 38531 | Shoals:2 | Reached skill level 5 in Earth Magic
 38585 | Shoals:2 | Noticed Jorgrun
 38594 | Shoals:2 | Killed Jorgrun
 38595 | Shoals:2 | Reached XP level 17. HP: 12/92 MP: 12/31
 39525 | Shoals:2 | Noticed a kraken
 39543 | Shoals:2 | Mangled by a kraken

Illustrated notes

Levels and vault maps discovered:
D:1:      sevenhm_arrival_forest_fort_large_4, layout_rooms,
          hellmonk_ecumenical_altar_dog_temple
D:2:      minmay_angry_zag, layout_loops_cross, minmay_gold_behind_fungi,
          serial_bayou_pond_a, minmay_goblin_kobold_house
D:3:      layout_loops_cross
D:4:      layout_rooms, grunt_ministairs_5
D:5:      layout_loops_ring, grunt_temple_overflow_open, minitemple,
          minmay_temple_entry_stoned_glass
D:6:      layout_cave_pods, minmay_overflow_temple_star_quad,
          mainiacjoe_overflow_large_starburst, enter_ossuary_4, uniq_duvessa
D:7:      layout_loops_ring, nicolae_tso_swordbearing_angel
D:8:      layout_loops_cross, lemuel_doored_altar,
          minmay_fractal_squares_diagonal_5, uniq_prince_ribbit1
D:9:      minmay_chambers_of_sevens, layout_loops_ring, orc_david_3
D:10:     layout_rooms, elyvilon_altar_4, enter_bailey_2, uniq_lodul
D:11:     layout_rooms, david_lair_generic, serial_shops, shop,
          david_defended_altar_orc
D:12:     layout_loops_ring, patterned_corridor, uniq_urug
D:13:     layout_roguey, uniq_frances
D:14:     layout_long_grid, grunt_vaults_entry_fortified,
          hangedman_abyss_or_decor_passed, serial_shops, shop
D:15:     gammafunk_depths_entry_grave, layout_basic, gammafunk_ghost_grave,
          gauntlet_entry_generic
Temple:   nicolae_temple_colour_theory
Lair:1:   layout_cave_pods, beast_lair_carwin_8, infiniplex_staircase_pool_2
Lair:2:   layout_misc_corridors, shoals_dummy_entry, beast_lair_carwin_4,
          grunt_megastairs_3, uniq_maggie
Lair:3:   layout_long_grid, minmay_snake_entry_six_corridors, lemuel_fruit_tree,
          uniq_nergalle
Lair:4:   layout_regular_city, slime_entry_1, grunt_megastairs_2,
          serial_bayou_shore_b, serial_bayou_shore_a
Lair:5:   due_jungle_book, layout_long_grid, grunt_forest_large_clearing_hut
Shoals:1: layout_shoals, hangedman_shoals_cup_caves, uniq_donald
Shoals:2: layout_shoals, uniq_jorgrun
Orc:1:    cheibrodos_orc_bank, layout_diamond_mine, mines2_lemuel
Orc:2:    pf_orc_diabolical, layout_diamond_mine, nicolae_orc_pool_cavern

Skill      XL: |  1  2  3  4  5  6  7  8  9 10 11 12 13 14 15 16 17 |
---------------+----------------------------------------------------+-----
Dodging        | 2 3 |  3.5
Stealth        | 3 5 |  5.4
Maces & Flails | 1 2 3 4 5 7 10 12 14 | 14.8
Conjurations   | 5 6 7 8 10 12 15 17 18 | 18.6
Translocations | 1 3 4 5 6 8 |  8.5
Spellcasting   | 3 4 6 9 10 | 10.0
Armour         | 1 4 7 8 |  8.1
Fighting       | 2 5 |  5.0
Evocations     | 2 |  2.1
Earth Magic    | 3 5 6 |  6.0
Transmutations | 1 |  1.0
Shields        | 3 4 5 |  5.9
Hexes          | 7 |  7.5
Summonings     | |  0.4
Necromancy     | |  0.3
Fire Magic     | |  0.6
Ice Magic      | |  0.3
Air Magic      | |  0.4
Poison Magic   | |  0.5

Action                     |  1- 3 |  4- 6 |  7- 9 | 10-12 | 13-15 | 16-18 || total
---------------------------+-------+-------+-------+-------+-------+-------++-------
  Melee: Whip              |    70 |    88 |       |       |       |       ||   158
         Dagger            |    20 |       |       |       |       |       ||    20
         Mace              |       |    30 |   252 |   624 |   540 |   178 ||  1624
         Punch             |       |       |       |     6 |     3 |       ||     9
  Throw: Javelin           |       |       |       |       |     9 |     1 ||    10
   Cast: Magic Dart        |    16 |    21 |    24 |    67 |       |     4 ||   132
         Iskenderun's Myst |       |       |     9 |    18 |       |     2 ||    29
         Stone Arrow       |       |       |       |    31 |   520 |   455 ||  1006
         Blink             |       |       |       |     1 |     2 |       ||     3
         Orb of Destructio |       |       |       |       |    83 |    24 ||   107
 Invoke: Curse Item        |       |       |     3 |     3 |     3 |     3 ||    12
         Shatter the Chain |       |       |       |     1 |     2 |       ||     3
  Evoke: Wand              |       |       |     6 |    49 |    31 |    17 ||   103
    Use: Potion            |     2 |     2 |     6 |     8 |     9 |       ||    27
         Scroll            |     1 |     6 |     4 |     2 |     4 |    10 ||    27
   Stab: Sleeping          |     3 |     7 |     2 |     1 |     2 |       ||    15
         Paralysed         |       |       |       |    21 |       |       ||    21
         Invisible         |       |       |       |     1 |     5 |       ||     6
 Armour: Robe              |    38 |    33 |    72 |    20 |       |       ||   163
         Skin              |       |       |       |     1 |       |       ||     1
         Acid dragon scale |       |       |       |   159 |   417 |   153 ||   729
  Dodge: Dodged            |    51 |    55 |   102 |   215 |   313 |   115 ||   851
  Block: Other             |     1 |    22 |    36 |    96 |   123 |       ||   278
         Reflection        |       |       |       |     9 |    10 |    27 ||    46
         Buckler           |       |       |       |       |    55 |   139 ||   194
         Kite shield       |       |       |       |       |       |    63 ||    63

Table legend: (Time is in decaauts)
 A = Elapsed time spent in this place.
 B = Non-inter-level travel time spent in this place.
 C = Inter-level travel time spent in this place.
 D = Time resting spent in this place.
 E = Time spent auto-exploring this place.
 F = Levels seen in this place.
 G = Mean time per level.
                   A        B        C        D        E       F      G
               +--------+--------+--------+--------+--------+-----+--------+
         Total |  39250 |  37315 |   1935 |    469 |  30524 |  26 | 1509.6 |
       Dungeon |  18426 |  17320 |   1106 |    176 |  14050 |  15 | 1228.4 |
        Temple |     74 |     68 |      6 |      0 |     64 |   1 |   74.0 |
          Lair |  11477 |  10903 |    574 |    191 |   8868 |   5 | 2295.4 |
        Shoals |   3340 |   3304 |     36 |     10 |   2917 |   2 | 1670.0 |
  Orcish Mines |   5395 |   5184 |    211 |     92 |   4252 |   2 | 2697.5 |
        Bailey |    535 |    535 |      0 |      0 |    373 |   1 |  535.0 |
               +--------+--------+--------+--------+--------+-----+--------+

Top non-repeatable levels by time:
  Lair:5: 3737 daAuts
   Orc:2: 3403 daAuts
    D:14: 2497 daAuts
  Lair:4: 2446 daAuts
Shoals:1: 2282 daAuts
    D:15: 2197 daAuts
   Orc:1: 1991 daAuts
  Lair:1: 1924 daAuts
     D:9: 1766 daAuts
  Lair:3: 1723 daAuts
    D:13: 1661 daAuts
  Lair:2: 1645 daAuts
    D:12: 1312 daAuts
     D:6: 1229 daAuts
    D:10: 1141 daAuts
